Workbook

Sheet INDEX
A1: C2.2 BILLS OF QUANTITIES
B4: INDEX TO BILLS OF QUANTITIES | C4: Page No's
B7: ='BILL 1.0'!A1 -> BILL 1.0: PRELIMINARY AND GENERAL ITEMS | C7: C2.2.2
B9: ='BILL 2.0'!A1 -> BILL 2.0: 66kV OVERHEAD LINE | C9: C2.2.4
B11: ='BILL 3.0'!A1 -> BILL 3.0: ALTERATIONS TO EXISTING 66kV OVERHEAD LINE | C11: C2.2.7
B13: ='PRICE SUMMARY'!A1 -> PRICE SUMMARY | C13: C2.2.9

Sheet BILL 1.0
A1: BILL 1.0: PRELIMINARY AND GENERAL ITEMS
A3: ITEM | B3: DESCRIPTION | C3: UNIT | D3: QTY | E3: MATERIAL | G3: LABOUR
E4: RATE | F4: TOTAL | G4: RATE | H4: TOTAL
F5: =IF(AND(ISBLANK(C5),ISBLANK(D5),ISBLANK(E5))," ",IF(AND(OR(C5="item",C5="sum",C5="no.",C5="m", C5="m2",C5="m3"),OR(D5="r/o",D5="r / o"),ISBLANK(E5)),"Nil",IF(AND(OR(C5="item",C5="sum",C5="no.",C5="m", C5="m2",C5="m3"),ISNUMBER(D5),ISBLANK(E5))," ",IF(AND(OR(C5="item",C5="sum",C5="no.",C5="m", C5="m2",C5="m3"),ISNUMBER(D5),ISNUMBER(E5)),E5*D5,IF(AND(C5="lump",D5="sum",ISBLANK(E5))," ",IF(AND(C5="lump",D5="sum",ISNUMBER(E5)),E5,"Error")))))) | H5: =IF(AND(ISBLANK(C5),ISBLANK(D5),ISBLANK(G5))," ",IF(AND(OR(C5="item",C5="sum",C5="no.",C5="m", C5="m2",C5="m3"),OR(D5="r/o",D5="r / o"),ISBLANK(G5)),"Nil",IF(AND(OR(C5="item",C5="sum",C5="no.",C5="m", C5="m2",C5="m3"),ISNUMBER(D5),ISBLANK(G5))," ",IF(AND(OR(C5="item",C5="sum",C5="no.",C5="m", C5="m2",C5="m3"),ISNUMBER(D5),ISNUMBER(G5)),G5*D5,IF(AND(C5="lump",D5="sum",ISBLANK(G5))," ",IF(AND(C5="lump",D5="sum",ISNUMBER(G5)),G5,"Error"))))))
A6: 1.0 | B6: Fixed Charge Items | F6: =IF(AND(ISBLANK(C6),ISBLANK(D6),ISBLANK(E6))," ",IF(AND(OR(C6="item",C6="sum",C6="no.",C6="m", C6="m2",C6="m3"),OR(D6="r/o",D6="r / o"),ISBLANK(E6)),"Nil",IF(AND(OR(C6="item",C6="sum",C6="no.",C6="m", C6="m2",C6="m3"),ISNUMBER(D6),ISBLANK(E6))," ",IF(AND(OR(C6="item",C6="sum",C6="no.",C6="m", C6="m2",C6="m3"),ISNUMBER(D6),ISNUMBER(E6)),E6*D6,IF(AND(C6="lump",D6="sum",ISBLANK(E6))," ",IF(AND(C6="lump",D6="sum",ISNUMBER(E6)),E6,"Error")))))) | H6: =IF(AND(ISBLANK(C6),ISBLANK(D6),ISBLANK(G6))," ",IF(AND(OR(C6="item",C6="sum",C6="no.",C6="m", C6="m2",C6="m3"),OR(D6="r/o",D6="r / o"),ISBLANK(G6)),"Nil",IF(AND(OR(C6="item",C6="sum",C6="no.",C6="m", C6="m2",C6="m3"),ISNUMBER(D6),ISBLANK(G6))," ",IF(AND(OR(C6="item",C6="sum",C6="no.",C6="m", C6="m2",C6="m3"),ISNUMBER(D6),ISNUMBER(G6)),G6*D6,IF(AND(C6="lump",D6="sum",ISBLANK(G6))," ",IF(AND(C6="lump",D6="sum",ISNUMBER(G6)),G6,"Error"))))))
F7: =IF(AND(ISBLANK(C7),ISBLANK(D7),ISBLANK(E7))," ",IF(AND(OR(C7="item",C7="sum",C7="no.",C7="m", C7="m2",C7="m3"),OR(D7="r/o",D7="r / o"),ISBLANK(E7)),"Nil",IF(AND(OR(C7="item",C7="sum",C7="no.",C7="m", C7="m2",C7="m3"),ISNUMBER(D7),ISBLANK(E7))," ",IF(AND(OR(C7="item",C7="sum",C7="no.",C7="m", C7="m2",C7="m3"),ISNUMBER(D7),ISNUMBER(E7)),E7*D7,IF(AND(C7="lump",D7="sum",ISBLANK(E7))," ",IF(AND(C7="lump",D7="sum",ISNUMBER(E7)),E7,"Error")))))) | H7: =IF(AND(ISBLANK(C7),ISBLANK(D7),ISBLANK(G7))," ",IF(AND(OR(C7="item",C7="sum",C7="no.",C7="m", C7="m2",C7="m3"),OR(D7="r/o",D7="r / o"),ISBLANK(G7)),"Nil",IF(AND(OR(C7="item",C7="sum",C7="no.",C7="m", C7="m2",C7="m3"),ISNUMBER(D7),ISBLANK(G7))," ",IF(AND(OR(C7="item",C7="sum",C7="no.",C7="m", C7="m2",C7="m3"),ISNUMBER(D7),ISNUMBER(G7)),G7*D7,IF(AND(C7="lump",D7="sum",ISBLANK(G7))," ",IF(AND(C7="lump",D7="sum",ISNUMBER(G7)),G7,"Error"))))))
A8: 1.1 | B8: Contractual requirements (Provision of 10% Performance Bond, Insurance of Works, etc.). | C8: Sum | D8: 1 | E8: 0 | F8: =D8*E8 -> 0 | G8: 0 | H8: =D8*G8 -> 0
A10: 1.2 | B10: Establish facilities on site:
A11: 1.2.1 | B11: Office and storage sheds. | C11: Sum | D11: 1 | E11: 0 | F11: =D11*E11 -> 0 | G11: 0 | H11: =D11*G11 -> 0
A12: 1.2.2 | B12: Workshops. | C12: Sum | D12: 1 | E12: 0 | F12: =D12*E12 -> 0 | G12: 0 | H12: =D12*G12 -> 0
A13: 1.2.3 | B13: Ablutions and latrines. | C13: Sum | D13: 1 | E13: 0 | F13: =D13*E13 -> 0 | G13: 0 | H13: =D13*G13 -> 0
A14: 1.2.4 | B14: Tools and equipment. | C14: Sum | D14: 1 | E14: 0 | F14: =D14*E14 -> 0 | G14: 0 | H14: =D14*G14 -> 0
A15: 1.2.5 | B15: Water supply, electrical power, telephone and access. | C15: Sum | D15: 1 | E15: 0 | F15: =D15*E15 -> 0 | G15: 0 | H15: =D15*G15 -> 0
A17: 1.3 | B17: Remove site establishment upon completion of contract. | C17: Sum | D17: 1 | E17: 0 | F17: =D17*E17 -> 0 | G17: 0 | H17: =D17*G17 -> 0
A19: 1.4 | B19: Allowances:
A20: 1.4.1 | B20: For the preparation and submission of a construction programme to the Engineer as required in the documents. | C20: Sum | D20: 1 | E20: 0 | F20: =D20*E20 -> 0 | G20: 0 | H20: =D20*G20 -> 0
A21: 1.4.2 | B21: For the submission of detailed design, construction and shop drawings to the Engineer for approval as required in the documents. | C21: Sum | D21: 1 | E21: 0 | F21: =D21*E21 -> 0 | G21: 0 | H21: =D21*G21 -> 0
A22: 1.4.3 | B22: For three (3) sets of test certificates to be submitted to Engineer on hand-over. | C22: Sum | D22: 1 | E22: 0 | F22: =D22*E22 -> 0 | G22: 0 | H22: =D22*G22 -> 0
A23: 1.4.4 | B23: For instructions to maintenance staff of operating and maintenance procedure. | C23: Sum | D23: 1 | E23: 0 | F23: =D23*E23 -> 0 | G23: 0 | H23: =D23*G23 -> 0
A24: 1.4.5 | B24: Project Notice Board as per Drawing No. 10527/E/04. | C24: Sum | D24: 1 | E24: 0 | F24: =D24*E24 -> 0 | G24: 0 | H24: =D24*G24 -> 0
A25: 1.4.6 | B25: Project Notice Board Support Structure Detail as per Drawing No. 10502/E/05. | C25: Sum | D25: 1 | E25: 0 | F25: =D25*E25 -> 0 | G25: 0 | H25: =D25*G25 -> 0
A26: 1.4.7 | B26: For compliance with the requirements of the Occupational Health and Safety Act Construction Regulations. | C26: Sum | D26: 1 | E26: 0 | F26: =D26*E26 -> 0 | G26: 0 | H26: =D26*G26 -> 0
A27: 1.4.8 | B27: Liaison and co-ordination with Kouga Municipality for the duration of the contract. | C27: Sum | D27: 1 | E27: 0 | F27: =D27*E27 -> 0 | G27: 0 | H27: =D27*G27 -> 0
A28: 1.4.9 | B28: Liaison and co-ordination with Eskom for the duration of the contract. | C28: Sum | D28: 1 | E28: 0 | F28: =D28*E28 -> 0 | G28: 0 | H28: =D28*G28 -> 0
A30: 2.0 | B30: Time Related Items
A32: 2.1 | B32: Contractual requirements, i.e. insurances, etc. | C32: Sum | D32: 1 | E32: 0 | F32: =D32*E32 -> 0 | G32: 0 | H32: =D32*G32 -> 0
A34: 2.2 | B34: Accommodation and / or living out expenses for the duration of the contract. | C34: Sum | D34: 1 | E34: 0 | F34: =D34*E34 -> 0 | G34: 0 | H34: =D34*G34 -> 0
A36: 2.3 | B36: Travelling charges for the duration of the contract. | C36: Sum | D36: 1 | E36: 0 | F36: =D36*E36 -> 0 | G36: 0 | H36: =D36*G36 -> 0
A38: 2.4 | B38: Supervision and provision of facilities and attendance of site meetings. | C38: Sum | D38: 1 | E38: 0 | F38: =D38*E38 -> 0 | G38: 0 | H38: =D38*G38 -> 0
A40: 2.5 | B40: Allowance to publically advertise for a local CLO (Community Liason Officer) for the duration of the contract, as specified. | C40: Sum | D40: 1 | E40: 0 | F40: =D40*E40 -> 0 | G40: 0 | H40: =D40*G40 -> 0
A42: 2.6 | B42: Allowance to appoint a local CLO (Community Liason Officer) for the duration of the contract. | C42: Sum | D42: 1 | E42: 0 | F42: =D42*E42 -> 0 | G42: 0 | H42: =D42*G42 -> 0
A45: 2.7 | B45: Allowance to fully comply with the Municipality's Local Labour and SMME's requirements as per Clause 17.0 of Part C3.1 for the duration of the contract. | C45: Sum | D45: 1 | E45: 0 | F45: =D45*E45 -> 0 | G45: 0 | H45: =D45*G45 -> 0
A47: 2.8 | B47: Allowance to appoint an Environmental Control Officer (ECO) to oversee the environmental aspects for the duration of the project. | C47: Sum | D47: 1 | E47: 0 | F47: =D47*E47 -> 0 | G47: 0 | H47: =D47*G47 -> 0
A49: 2.9 | B49: Operate and maintain facilities on site:
A50: 2.9.1 | B50: Office and storage sheds. | C50: Sum | D50: 1 | E50: 0 | F50: =D50*E50 -> 0 | G50: 0 | H50: =D50*G50 -> 0
A51: 2.9.2 | B51: Workshops. | C51: Sum | D51: 1 | E51: 0 | F51: =D51*E51 -> 0 | G51: 0 | H51: =D51*G51 -> 0
A52: 2.9.3 | B52: Ablutions and latrines. | C52: Sum | D52: 1 | E52: 0 | F52: =D52*E52 -> 0 | G52: 0 | H52: =D52*G52 -> 0
A53: 2.9.4 | B53: Tools and equipment | C53: Sum | D53: 1 | E53: 0 | F53: =D53*E53 -> 0 | G53: 0 | H53: =D53*G53 -> 0
A54: 2.9.5
A55: 2.9.6 | B55: Water supply, electrical power, telephone and access. | C55: Sum | D55: 1 | E55: 0 | F55: =D55*E55 -> 0 | G55: 0 | H55: =D55*G55 -> 0
A57: 3.0 | B57: Day work | F57: =IF(AND(ISBLANK(C57),ISBLANK(D57),ISBLANK(E57))," ",IF(AND(OR(C57="item",C57="sum",C57="no.",C57="m", C57="m2",C57="m3"),OR(D57="r/o",D57="r / o"),ISBLANK(E57)),"Nil",IF(AND(OR(C57="item",C57="sum",C57="no.",C57="m", C57="m2",C57="m3"),ISNUMBER(D57),ISBLANK(E57))," ",IF(AND(OR(C57="item",C57="sum",C57="no.",C57="m", C57="m2",C57="m3"),ISNUMBER(D57),ISNUMBER(E57)),E57*D57,IF(AND(C57="lump",D57="sum",ISBLANK(E57))," ",IF(AND(C57="lump",D57="sum",ISNUMBER(E57)),E57,"Error")))))) | H57: =IF(AND(ISBLANK(C57),ISBLANK(D57),ISBLANK(G57))," ",IF(AND(OR(C57="item",C57="sum",C57="no.",C57="m", C57="m2",C57="m3"),OR(D57="r/o",D57="r / o"),ISBLANK(G57)),"Nil",IF(AND(OR(C57="item",C57="sum",C57="no.",C57="m", C57="m2",C57="m3"),ISNUMBER(D57),ISBLANK(G57))," ",IF(AND(OR(C57="item",C57="sum",C57="no.",C57="m", C57="m2",C57="m3"),ISNUMBER(D57),ISNUMBER(G57)),G57*D57,IF(AND(C57="lump",D57="sum",ISBLANK(G57))," ",IF(AND(C57="lump",D57="sum",ISNUMBER(G57)),G57,"Error"))))))
B59: The following rates are for variations to the contract, as directed by the Engineer, and are for work not covered by rates in the schedules. The total cost will be adjusted in the final account in accordance with the variation orders issued. | F59: =IF(AND(ISBLANK(C59),ISBLANK(D59),ISBLANK(E59))," ",IF(AND(OR(C59="item",C59="sum",C59="no.",C59="m", C59="m2",C59="m3"),OR(D59="r/o",D59="r / o"),ISBLANK(E59)),"Nil",IF(AND(OR(C59="item",C59="sum",C59="no.",C59="m", C59="m2",C59="m3"),ISNUMBER(D59),ISBLANK(E59))," ",IF(AND(OR(C59="item",C59="sum",C59="no.",C59="m", C59="m2",C59="m3"),ISNUMBER(D59),ISNUMBER(E59)),E59*D59,IF(AND(C59="lump",D59="sum",ISBLANK(E59))," ",IF(AND(C59="lump",D59="sum",ISNUMBER(E59)),E59,"Error")))))) | H59: =IF(AND(ISBLANK(C59),ISBLANK(D59),ISBLANK(G59))," ",IF(AND(OR(C59="item",C59="sum",C59="no.",C59="m", C59="m2",C59="m3"),OR(D59="r/o",D59="r / o"),ISBLANK(G59)),"Nil",IF(AND(OR(C59="item",C59="sum",C59="no.",C59="m", C59="m2",C59="m3"),ISNUMBER(D59),ISBLANK(G59))," ",IF(AND(OR(C59="item",C59="sum",C59="no.",C59="m", C59="m2",C59="m3"),ISNUMBER(D59),ISNUMBER(G59)),G59*D59,IF(AND(C59="lump",D59="sum",ISBLANK(G59))," ",IF(AND(C59="lump",D59="sum",ISNUMBER(G59)),G59,"Error"))))))
F60: =IF(AND(ISBLANK(C60),ISBLANK(D60),ISBLANK(E60))," ",IF(AND(OR(C60="item",C60="sum",C60="no.",C60="m", C60="m2",C60="m3"),OR(D60="r/o",D60="r / o"),ISBLANK(E60)),"Nil",IF(AND(OR(C60="item",C60="sum",C60="no.",C60="m", C60="m2",C60="m3"),ISNUMBER(D60),ISBLANK(E60))," ",IF(AND(OR(C60="item",C60="sum",C60="no.",C60="m", C60="m2",C60="m3"),ISNUMBER(D60),ISNUMBER(E60)),E60*D60,IF(AND(C60="lump",D60="sum",ISBLANK(E60))," ",IF(AND(C60="lump",D60="sum",ISNUMBER(E60)),E60,"Error")))))) | H60: =IF(AND(ISBLANK(C60),ISBLANK(D60),ISBLANK(G60))," ",IF(AND(OR(C60="item",C60="sum",C60="no.",C60="m", C60="m2",C60="m3"),OR(D60="r/o",D60="r / o"),ISBLANK(G60)),"Nil",IF(AND(OR(C60="item",C60="sum",C60="no.",C60="m", C60="m2",C60="m3"),ISNUMBER(D60),ISBLANK(G60))," ",IF(AND(OR(C60="item",C60="sum",C60="no.",C60="m", C60="m2",C60="m3"),ISNUMBER(D60),ISNUMBER(G60)),G60*D60,IF(AND(C60="lump",D60="sum",ISBLANK(G60))," ",IF(AND(C60="lump",D60="sum",ISNUMBER(G60)),G60,"Error"))))))
A61: 3.1 | B61: Labour, Normal Time: | F61: =IF(AND(ISBLANK(C61),ISBLANK(D61),ISBLANK(E61))," ",IF(AND(OR(C61="item",C61="sum",C61="no.",C61="m", C61="m2",C61="m3"),OR(D61="r/o",D61="r / o"),ISBLANK(E61)),"Nil",IF(AND(OR(C61="item",C61="sum",C61="no.",C61="m", C61="m2",C61="m3"),ISNUMBER(D61),ISBLANK(E61))," ",IF(AND(OR(C61="item",C61="sum",C61="no.",C61="m", C61="m2",C61="m3"),ISNUMBER(D61),ISNUMBER(E61)),E61*D61,IF(AND(C61="lump",D61="sum",ISBLANK(E61))," ",IF(AND(C61="lump",D61="sum",ISNUMBER(E61)),E61,"Error")))))) | H61: =IF(AND(ISBLANK(C61),ISBLANK(D61),ISBLANK(G61))," ",IF(AND(OR(C61="item",C61="sum",C61="no.",C61="m", C61="m2",C61="m3"),OR(D61="r/o",D61="r / o"),ISBLANK(G61)),"Nil",IF(AND(OR(C61="item",C61="sum",C61="no.",C61="m", C61="m2",C61="m3"),ISNUMBER(D61),ISBLANK(G61))," ",IF(AND(OR(C61="item",C61="sum",C61="no.",C61="m", C61="m2",C61="m3"),ISNUMBER(D61),ISNUMBER(G61)),G61*D61,IF(AND(C61="lump",D61="sum",ISBLANK(G61))," ",IF(AND(C61="lump",D61="sum",ISNUMBER(G61)),G61,"Error"))))))
A62: 3.1.1 | B62: Installation Electrician and Labourer. | C62: hour | D62: 10 | E62: 0 | F62: =D62*E62 -> 0 | G62: 0 | H62: =D62*G62 -> 0
A63: 3.1.2 | B63: Artisan Electrician and Labourer. | C63: hour | D63: 10 | E63: 0 | F63: =D63*E63 -> 0 | G63: 0 | H63: =D63*G63 -> 0
A64: 3.1.3 | B64: Labourer. | C64: hour | D64: 10 | E64: 0 | F64: =D64*E64 -> 0 | G64: 0 | H64: =D64*G64 -> 0
F65: =IF(E65*D65=0," ",E65*D65) | H65: =IF(G65*D65=0," ",G65*D65)
A66: 3.2 | B66: Labour, Normal Overtime: | F66: =IF(E66*D66=0," ",E66*D66) | H66: =IF(G66*D66=0," ",G66*D66)
A67: 3.2.1 | B67: Installation Electrician and Labourer. | C67: hour | D67: 10 | E67: 0 | F67: =D67*E67 -> 0 | G67: 0 | H67: =D67*G67 -> 0
A68: 3.2.2 | B68: Artisan Electrician and Labourer. | C68: hour | D68: 10 | E68: 0 | F68: =D68*E68 -> 0 | G68: 0 | H68: =D68*G68 -> 0
A69: 3.2.3 | B69: Labourer. | C69: hour | D69: 10 | E69: 0 | F69: =D69*E69 -> 0 | G69: 0 | H69: =D69*G69 -> 0
F70: =IF(E70*D70=0," ",E70*D70) | H70: =IF(G70*D70=0," ",G70*D70)
A71: 3.3 | B71: Labour, Sundays and Public Holidays: | F71: =IF(E71*D71=0," ",E71*D71) | H71: =IF(G71*D71=0," ",G71*D71)
A72: 3.3.1 | B72: Installation Electrician and Labourer. | C72: hour | D72: 10 | E72: 0 | F72: =D677*E72 -> 0 | G72: 0 | H72: =D72*G72 -> 0
A73: 3.3.2 | B73: Artisan Electrician and Labourer. | C73: hour | D73: 10 | E73: 0 | F73: =D73*E73 -> 0 | G73: 0 | H73: =D73*G73 -> 0
A74: 3.3.3 | B74: Labourer. | C74: hour | D74: 10 | E74: 0 | F74: =D74*E74 -> 0 | G74: 0 | H74: =D74*G74 -> 0
F75: =IF(E75*D75=0," ",E75*D75) | H75: =IF(G75*D75=0," ",G75*D75)
A76: 3.4 | B76: Transport:
A77: 3.4.1 | B77: Private car or light delivery vehicle. | C77: km | D77: 10 | E77: 0 | F77: =D77*E77 -> 0 | G77: 0 | H77: =D77*G77 -> 0
A78: 3.4.2 | B78: 5 tonne truck. | C78: km | D78: 10 | E78: 0 | F78: =D78*E78 -> 0 | G78: 0 | H78: =D78*G78 -> 0
A79: 3.4.3 | B79: 10 tonne truck. | C79: km | D79: 10 | E79: 0 | F79: =D79*E79 -> 0 | G79: 0 | H79: =D79*G79 -> 0
A80: 3.4.4 | B80: 10 tonne truck with crane. | C80: hour | D80: 10 | E80: 0 | F80: =D80*E80 -> 0 | G80: 0 | H80: =D80*G80 -> 0
A81: 3.4.5 | B81: 5 tonne mobile crane. | C81: hour | D81: 10 | E81: 0 | F81: =D81*E81 -> 0 | G81: 0 | H81: =D81*G81 -> 0
A83: 4.0 | B83: Lump sum allowance for any items not included in this schedule, but deemed necessary by the Tenderer, to complete the installation in accordance with the specification and drawings. Brief description of such items to be entered hereunder. | C83: Sum | D83: 1 | E83: 0 | F83: =D83*E83 -> 0 | G83: 0 | H83: =D83*G83 -> 0
B90: Totals to Price Summary Item 1.0 | F90: =SUM(F8:F88) -> 0 | H90: =SUM(H8:H88) -> 0

Sheet BILL 2.0
A1: BILL 2.0: 66kV OVERHEAD LINE
A3: ITEM | B3: DESCRIPTION | C3: UNIT | D3: QTY | E3: MATERIAL | G3: LABOUR
E4: RATE | F4: TOTAL | G4: RATE | H4: TOTAL
B6: Notes:
A7: (i) | B7: This section is for "Supply and Design", therefore the Tenderer must allow for all material and equipment that will be required as per his/her own detailed design. The main item descriptions and quantities are, however, given hereafter as provisional and as a guide only. The Tenderer must make adjustments where necessary to suit his design.
A8: (ii) | B8: All rates must be exclusive of VAT.
A9: (iii) | B9: Refer to Drawing No's 10527/E/01 to 05.
A10: (iv) | B10: All items to include for the supply and deliveries thereof unless specified otherwise.
A11: (v) | B11: ACSR - Aluminium Conductor Steel Reinforced
B12: Al - Aluminium
B13: Cu - Copper
B14: HD - Hard Drawn
B15: R/O - Rate Only
A17: 1.0 | B17: Verification of line design and route in conjunction with Engineer and the Municipality, including preparation and submission to the Engineer of construction shop drawings of all require pole structures. | C17: Sum | D17: 1 | E17: 0 | F17: =E17*D17 -> 0 | G17: 0 | H17: =D17*G17 -> 0
A19: 2.0 | B19: Obtain services of Professional Land Surveyor to locate and peg servitude boundary positions and mark-out final overhead line route on site in conjunction with the Engineer. | C19: No. | D19: 4 | E19: 0 | F19: =E19*D19 -> 0 | G19: 0 | H19: =D19*G19 -> 0
A21: 3.0 | B21: Mark-out pole structure positions on site in conjunction with the Engineer. | C21: No. | D21: 6 | E21: 0 | F21: =E21*D21 -> 0 | G21: 0 | H21: =D21*G21 -> 0
A23: 4.0 | B23: Excavate inspection trenches 600mm wide and 1500mm deep to locate existing underground services, including backfilling and compaction:
A24: 4.1 | B24: Earth | C24: m | D24: 2 | E24: 0 | F24: =E24*D24 -> 0 | G24: 0 | H24: =D24*G24 -> 0
A25: 4.2 | B25: Hard Earth | C25: m | D25: 2 | E25: 0 | F25: =E25*D25 -> 0 | G25: 0 | H25: =D25*G25 -> 0
A26: 4.3 | B26: Rock | C26: m | D26: 2 | E26: 0 | F26: =E26*D26 -> 0 | G26: 0 | H26: =D26*G26 -> 0
A28: 5.0 | B28: Tree, bush and ground clearance along route of 66kV overhead line, approx. 20m wide, incl. removal and disposal of material to Humansdorp Waste Management site:
A29: 5.1 | B29: Shrubs and bushes up to 3m high. | C29: m | D29: 10 | E29: 0 | F29: =E29*D29 -> 0 | G29: 0 | H29: =D29*G29 -> 0
A30: 5.2 | B30: Trees and bushes 3m to 6m high. | C30: m | D30: 10 | E30: 0 | F30: =E30*D30 -> 0 | G30: 0 | H30: =D30*G30 -> 0
A31: 5.3 | B31: Trees and bushes 6m to 8m high. | C31: m | D31: 10 | E31: 0 | F31: =E31*D31 -> 0 | G31: 0 | H31: =D31*G31 -> 0
A33: 6.0 | B33: Arrange power shut-down with:
A34: 6.1 | B34: Kouga Municipality for shutdown of 1 x 66kV and 3 x 22kV overhead lines. | C34: No. | D34: 2 | E34: 0 | F34: =E34*D34 -> 0 | G34: 0 | H34: =D34*G34 -> 0
A35: 6.2 | B35: Eskom for 1 x 22kV overhead line. | C35: No. | D35: 2 | E35: 0 | F35: =E35*D35 -> 0 | G35: 0 | H35: =D35*G35 -> 0
A40: 7.0 | B40: Hard rock excavation for concrete foundation for Support Pole Structure No:
A41: 7.1 | B41: S10 | C41: No | D41: 1 | E41: 0 | F41: =E41*D41 -> 0 | G41: 0 | H41: =D41*G41 -> 0
A42: 7.2 | B42: S11 | C42: No | D42: 1 | E42: 0 | F42: =E42*D42 -> 0 | G42: 0 | H42: =D42*G42 -> 0
A43: 7.3 | B43: S12 | C43: No | D43: 1 | E43: 0 | F43: =E43*D43 -> 0 | G43: 0 | H43: =D43*G43 -> 0
A44: 7.4 | B44: S13 | C44: No | D44: 1 | E44: 0 | F44: =E44*D44 -> 0 | G44: 0 | H44: =D44*G44 -> 0
A45: 7.5 | B45: S14 | C45: No | D45: R/O | E45: 0 | F45: R Nil | G45: 0 | H45: R Nil
A46: 7.5 | B46: S15 | C46: No | D46: R/O | E46: 0 | F46: R Nil | G46: 0 | H46: R Nil
A48: 8.0 | B48: Concrete foundation for Support Pole Structure No's, complete as designed by Contractor's Structural Engineer:
A49: 8.1 | B49: S10 | C49: No | D49: 1 | E49: 0 | F49: =E49*D49 -> 0 | G49: 0 | H49: =D49*G49 -> 0
A50: 8.2 | B50: S11 | C50: No | D50: 1 | E50: 0 | F50: =E50*D50 -> 0 | G50: 0 | H50: =D50*G50 -> 0
A51: 8.3 | B51: S12 | C51: No | D51: 1 | E51: 0 | F51: =E51*D51 -> 0 | G51: 0 | H51: =D51*G51 -> 0
A52: 8.4 | B52: S13 | C52: No | D52: 1 | E52: 0 | F52: =E52*D52 -> 0 | G52: 0 | H52: =D52*G52 -> 0
A53: 8.5 | B53: S14 | C53: No | D53: R/O | E53: 0 | F53: R Nil | G53: 0 | H53: R Nil
A54: 8.6 | B54: S15 | C54: No | D54: R/O | E54: 0 | F54: R Nil | G54: 0 | H54: R Nil
A56: 9.0 | B56: Support Pole Structure, complete with insulators and clamps, armour rods, vibration dampers, ground earth, conductor jumpers, binding in of phase and earth or lightning conductors, etc., but excluding excavations for and the concrete foundations itself measured above, for Pole Structure No's:
A57: 9.1 | B57: S10 | C57: No | D57: 1 | E57: 0 | F57: =E57*D57 -> 0 | G57: 0 | H57: =D57*G57 -> 0
A58: 9.2 | B58: S11 | C58: No | D58: 1 | E58: 0 | F58: =E58*D58 -> 0 | G58: 0 | H58: =D58*G58 -> 0
A59: 9.3 | B59: S12 | C59: No | D59: 1 | E59: 0 | F59: =E59*D59 -> 0 | G59: 0 | H59: =D59*G59 -> 0
A60: 9.4 | B60: S13 | C60: No | D60: 1 | E60: 0 | F60: =E60*D60 -> 0 | G60: 0 | H60: =D60*G60 -> 0
A61: 9.5 | B61: S14 | C61: No | D61: R/O | E61: 0 | F61: R Nil | G61: 0 | H61: R Nil
A62: 9.6 | B62: S15 | C62: No | D62: R/O | E62: 0 | F62: R Nil | G62: 0 | H62: R Nil
A64: 10.0 | B64: Four (4) temporary ±14m high H-pole structures complete, or alternatively utilisation of four (4) crane trucks or cherry pickers to temporary hold new Chicadee ACSR conductor in place at approx. 12m above ground level when the new conductor is strung and tensioned between Pole Structure No's S9 and S10 and between S5 and S11. | C64: Sum | D64: 1 | E64: 0 | F64: =E64*D64 -> 0 | G64: 0 | H64: =D64*G64 -> 0
A66: 11.0 | B66: Chicadee ACSR (stranding and wire diameter 18/1/3,77mm), greased. | C66: m | D66: 1200 | E66: 0 | F66: =E66*D66 -> 0 | G66: 0 | H66: =D66*G66 -> 0
A68: 12.0 | B68: Overhead line phase conductor:
A69: 12.1 | B69: Chicadee ACSR (stranding and wire diameter 18/1/3,77mm), greased. | C69: m | D69: 1200 | E69: 0 | F69: =E69*D69 -> 0 | G69: 0 | H69: =D69*G69 -> 0
A71: 13.0 | B71: Terminate set of three (3) Chicadee ACSR overhead line conductor at strain insulators. | C71: Sets | D71: 8 | E71: 0 | F71: =E71*D71 -> 0 | G71: 0 | H71: =D71*G71 -> 0
A73: 14.0 | B73: Earth or lightning conductor at top of the pole:
A74: 14.1 | B74: Hare ACSR (stranding and wire diameter 6/1/4,72mm), greased. | C74: m | D74: 400 | E74: 0 | F74: =E74*D74 -> 0 | G74: 0 | H74: =D74*G74 -> 0
A76: 15.0 | B76: Terminate HARE ACSR lightning conductor at top of pole. | C76: Sets | E76: 0 | F76: =E76*D76 -> 0 | G76: 0 | H76: =D76*G76 -> 0
A78: 16.0 | B78: Optical Ground Wire (OPGW) conductor at top of the pole:
A79: 16.1 | B79: Fibre count 12 (Similar or equal to Prysmian standard OPGW 16A41). | C79: m | D79: 400 | E79: 0 | F79: =E79*D79 -> 0 | G79: 0 | H79: =D79*G79 -> 0
A80: 16.2 | B80: Fibre count 24 (Similar or equal to Prysmian standard OPGW 12A39). | C80: m | D80: R/O | E80: 0 | F80: R Nil | G80: 0 | H80: R Nil
A82: 17.0 | B82: Terminate Optical Ground Wire (OPGW) conductor at top of the pole. | C82: No. | D82: 8 | E82: 0 | F82: =E82*D82 -> 0 | G82: 0 | H82: =D82*G82 -> 0
A84: 18.0 | B84: Set of three (3) Chicadee ASCR jumper conductors at strain points, complete with AMPACT Tap Connectors. | C84: No. | D84: 6 | E84: 0 | F84: =E84*D84 -> 0 | G84: 0 | H84: =D84*G84 -> 0
A86: 19.0 | B86: Pole number label fixed to pole at minimum height of 4000mm above finished ground level. | C86: No. | D86: 4 | E86: 0 | F86: =E86*D86 -> 0 | G86: 0 | H86: =D86*G86 -> 0
A88: 20.0 | B88: Danger sign label fixed to pole at minimum height of 3000mm above finished ground level. | C88: No. | D88: 4 | E88: 0 | F88: =E88*D88 -> 0 | G88: 0 | H88: =D88*G88 -> 0
A90: 21.0 | B90: Allowance for submersible pump and necessary equipment to pump out ground water from foundation hole just before concrete is to be casted. Minimum pump specifications: Operating range 30 l/min; head up to 30m, nominal power: 220V, 0.37kW. Rate to include allowance for generator on site. | C90: hr | D90: 12 | E90: 0 | F90: =E90*D90 -> 0 | G90: 0 | H90: =D90*G90 -> 0
A92: 22.0 | B92: Specify and include any other items in accordance with Tenderer's own design to complete the work:
B94: ………………………………………..
B96: ………………………………………..
B98: ………………………………………..
B100: ………………………………………..
B119: Totals to Price Summary Item 2.0 | F119: =SUM(F17:F117) -> 0 | H119: =SUM(H17:H117) -> 0

Sheet BILL 3.0
A1: BILL 3.0: ALTERATIONS TO EXISTING 66kV OVERHEAD LINE
A3: ITEM | B3: DESCRIPTION | C3: UNIT | D3: QTY | E3: MATERIAL | G3: LABOUR
E4: RATE | F4: TOTAL | G4: RATE | H4: TOTAL
B6: Notes:
A7: (i) | B7: All rates must be exclusive of VAT.
A8: (ii) | B8: Refer to Drawing No. 10527/E/01.
A9: (iii) | B9: ACSR - Aluminium Conductor Steel Reinforced
B10: Al - Aluminium
B11: Cu - Copper
B12: HD - Hard Drawn
B13: R/O - Rate Only
A15: 1.0 | B15: Arrange power shut-down with Municipality. | C15: Sum | D15: 1 | E15: 0 | F15: =E15*D15 -> 0 | G15: 0 | H15: =D15*G15 -> 0
F16: =IF(AND(ISBLANK(C16),ISBLANK(D16),ISBLANK(E16))," ",IF(AND(OR(C16="item",C16="sum",C16="no.",C16="m", C16="m2",C16="m3"),OR(D16="r/o",D16="r / o"),ISBLANK(E16)),"Nil",IF(AND(OR(C16="item",C16="sum",C16="no.",C16="m", C16="m2",C16="m3"),ISNUMBER(D16),ISBLANK(E16))," ",IF(AND(OR(C16="item",C16="sum",C16="no.",C16="m", C16="m2",C16="m3"),ISNUMBER(D16),ISNUMBER(E16)),E16*D16,IF(AND(C16="lump",D16="sum",ISBLANK(E16))," ",IF(AND(C16="lump",D16="sum",ISNUMBER(E16)),E16,"Error")))))) | H16: =IF(AND(ISBLANK(C16),ISBLANK(D16),ISBLANK(G16))," ",IF(AND(OR(C16="item",C16="sum",C16="no.",C16="m", C16="m2",C16="m3"),OR(D16="r/o",D16="r / o"),ISBLANK(G16)),"Nil",IF(AND(OR(C16="item",C16="sum",C16="no.",C16="m", C16="m2",C16="m3"),ISNUMBER(D16),ISBLANK(G16))," ",IF(AND(OR(C16="item",C16="sum",C16="no.",C16="m", C16="m2",C16="m3"),ISNUMBER(D16),ISNUMBER(G16)),G16*D16,IF(AND(C16="lump",D16="sum",ISBLANK(G16))," ",IF(AND(C16="lump",D16="sum",ISNUMBER(G16)),G16,"Error"))))))
A17: 2.0 | B17: Set of three 66kV strain insulators complete with pistol grip, socket Y-clevis, ball clevis, shackles, pins, etc. | C17: No. | D17: 1 | E17: 0 | F17: =E17*D17 -> 0 | G17: 0 | H17: =D17*G17 -> 0
A19: 3.0 | B19: Set of three 66kV linepost insulators complete with suspension clamp, clevis eye, bolts, nuts, washers, etc. | C19: No. | D19: R/O | F19: R nil | G19: 0 | H19: R nil
A21: 4.0 | B21: Disconnect HARE ACSR, (6/1/4,72) conductor at existing strain insulators (set of three). | C21: Sets | D21: 2 | E21: 0 | F21: =E21*D21 -> 0 | G21: 0 | H21: =D21*G21 -> 0
A23: 5.0 | B23: Extend existing HARE ACSR conductor to new HARE ACSR using suitably sized aluminium extension crimp ferrules (set of three). | C23: Sets | D23: 1 | E23: 0 | F23: =E23*D23 -> 0 | G23: 0 | H23: =D23*G23 -> 0
A25: 6.0 | B25: Overhead line phase conductor:
A26: 6.1 | B26: Hare ACSR (stranding and wire diameter 6/1/4,72mm), greased. | C26: m | D26: 100 | E26: 0 | F26: =E26*D26 -> 0 | G26: 0 | H26: =D26*G26 -> 0
A28: 7.0 | B28: Terminate extended HARE ACSR, (6/1/4,72) conductor at new strain insulators using "Preformed" dead ends (set of three). | C28: No. | D28: 1 | E28: 0 | F28: =E28*D28 -> 0 | G28: 0 | H28: =D28*G28 -> 0
A30: 8.0 | B30: Set of three (3) HARE ASCR jumper conductors at strain points, complete with AMPACT Tap Connectors. | C30: No. | D30: 1 | E30: 0 | F30: =E30*D30 -> 0 | G30: 0 | H30: =D30*G30 -> 0
F31: =IF(AND(ISBLANK(C31),ISBLANK(D31),ISBLANK(E31))," ",IF(AND(OR(C31="item",C31="sum",C31="no.",C31="m", C31="m2",C31="m3"),OR(D31="r/o",D31="r / o"),ISBLANK(E31)),"Nil",IF(AND(OR(C31="item",C31="sum",C31="no.",C31="m", C31="m2",C31="m3"),ISNUMBER(D31),ISBLANK(E31))," ",IF(AND(OR(C31="item",C31="sum",C31="no.",C31="m", C31="m2",C31="m3"),ISNUMBER(D31),ISNUMBER(E31)),E31*D31,IF(AND(C31="lump",D31="sum",ISBLANK(E31))," ",IF(AND(C31="lump",D31="sum",ISNUMBER(E31)),E31,"Error")))))) | H31: =IF(AND(ISBLANK(C31),ISBLANK(D31),ISBLANK(G31))," ",IF(AND(OR(C31="item",C31="sum",C31="no.",C31="m", C31="m2",C31="m3"),OR(D31="r/o",D31="r / o"),ISBLANK(G31)),"Nil",IF(AND(OR(C31="item",C31="sum",C31="no.",C31="m", C31="m2",C31="m3"),ISNUMBER(D31),ISBLANK(G31))," ",IF(AND(OR(C31="item",C31="sum",C31="no.",C31="m", C31="m2",C31="m3"),ISNUMBER(D31),ISNUMBER(G31)),G31*D31,IF(AND(C31="lump",D31="sum",ISBLANK(G31))," ",IF(AND(C31="lump",D31="sum",ISNUMBER(G31)),G31,"Error"))))))
A32: 9.0 | B32: Excavate hole and expose existing pole or stay in order to remove:
A33: 9.1 | B33: Earth | C33: No. | D33: R/O | E33: 0 | F33: R nil | G33: 0 | H33: R nil
A34: 9.2 | B34: Hard Earth | C34: No. | D34: 5 | E34: 0 | F34: =E34*D34 -> 0 | G34: 0 | H34: =D34*G34 -> 0
A35: 9.3 | B35: Rock | C35: No. | D35: 5 | E35: 0 | F35: =E35*D35 -> 0 | G35: 0 | H35: =D35*G35 -> 0
A37: 10.0 | B37: Disconnect, dismantle and remove abandoned material:
A38: 10.1 | B38: ±16m Long wooden pole. | C38: No. | D38: 4 | E38: 0 | F38: =E38*D38 -> 0 | G38: 0 | H38: =D38*G38 -> 0
A39: 10.2 | B39: ±4,5m Long wooden cross-arm. | C39: No. | D39: 2 | E39: 0 | F39: =E39*D39 -> 0 | G39: 0 | H39: =D39*G39 -> 0
A40: 10.3 | B40: 66kV strain insulators (set of three). | C40: No. | D40: 4 | E40: 0 | F40: =E40*D40 -> 0 | G40: 0 | H40: =D40*G40 -> 0
A41: 10.4 | B41: Stay. | C41: No. | D41: 6 | E41: 0 | F41: =E41*D41 -> 0 | G41: 0 | H41: =D41*G41 -> 0
A42: 10.5 | B42: HARE ACSR bare overhead conductor. | C42: m | D42: 600 | E42: 0 | F42: =E42*D42 -> 0 | G42: 0 | H42: =D42*G42 -> 0
A44: 11.0 | B44: Deliver all recovered material above to municipal stores in Humansdorp. | C44: Sum | D44: 1 | E44: 0 | F44: =E44*D44 -> 0 | G44: 0 | H44: =D44*G44 -> 0
A50: 12.0 | B50: Extra-over Item No. 9.0 for:
A51: 12.1 | B51: Imported backfill material from off-site source. | C51: m³ | D51: 2 | E51: 0 | F51: =E51*D51 -> 0 | G51: 0 | H51: =D51*G51 -> 0
A52: 12.2 | B52: Disposal of surplus or unsuitable material including haulage. | C52: m³ | D52: 2 | E52: 0 | F52: =E52*D52 -> 0 | G52: 0 | H52: =D52*G52 -> 0
A54: 13.0 | B54: Lump sum allowance for any items not included in this schedule, but deemed necessary by the Tenderer, to complete the installation in accordance with the specification and drawings. Brief description of such items to be entered hereunder. | C54: Sum | D54: 1 | E54: 0 | F54: 0 | G54: 0 | H54: 0
B105: Totals to Price Summary Item 3.0 | F105: =SUM(F15:F103) -> 0 | H105: =SUM(H15:H103) -> 0

Sheet PRICE SUMMARY
A1: PRICE SUMMARY
A3: ITEM | B3: DESCRIPTION | C3: MATERIAL | D3: LABOUR
A6: 1.0 | B6: ='BILL 1.0'!A1 -> BILL 1.0: PRELIMINARY AND GENERAL ITEMS | C6: ='BILL 1.0'!F90 -> 0 | D6: ='BILL 1.0'!H90 -> 0
A8: 2.0 | B8: ='BILL 2.0'!A1 -> BILL 2.0: 66kV OVERHEAD LINE | C8: ='BILL 2.0'!F119 -> 0 | D8: ='BILL 2.0'!H119 -> 0
A10: 3.0 | B10: ='BILL 3.0'!A1 -> BILL 3.0: ALTERATIONS TO EXISTING 66kV OVERHEAD LINE | C10: ='BILL 3.0'!F105 -> 0 | D10: ='BILL 3.0'!H105 -> 0
A12: 4.0 | B12: SUB-TOTALS | C12: =SUM(C6:C10) -> 0 | D12: =SUM(D6:D10) -> 0
A14: 5.0 | B14: TOTAL MATERIAL AND LABOUR | D14: =C12+D12 -> 0
A16: 6.0 | B16: ADD 15% VAT | D16: =D14*0.15 -> 0
A18: 7.0 | B18: GROSS TENDER AMOUNT, TO BE CARRIED FORWARD TO FORM OF OFFER AND ACCEPTANCE IN PART C1.1 HEREOF. | D18: =SUM(D14:D16) -> 0
A22: Name of Tenderer: ...........................................................................
A24: Signature of Tenderer: ..................................................................... | C24: Date:…………………………………..
A26: Address: ...........................................................................................
A27: ...........................................................................................
A28: ...........................................................................................
A29: ...........................................................................................
A31: Tel No: ........................................................................................
A33: E-mail: ........................................................................................
